 Dungeon Crawl Stone Soup version 0.25.0-11-g1f837a76a1 (webtiles) character file.

Game seed: 11986469150182572810

5904 grindst0ne the Fighter (level 11, -1/99 HPs)
             Began as a Human Assassin on June 25, 2020.
             Was a Follower of Kikubaaqudgha.
             Succumbed to a spiny frog's poison
             ... on level 1 of the Lair of Beasts.
             The game lasted 00:21:00 (11112 turns).

grindst0ne the Fighter (Human Assassin)            Turns: 11112, Time: 00:21:00

Health: -1/99      AC:  8    Str: 14    XL:     11   Next: 8%
Magic:  14/15      EV:  8    Int: 12    God:    Kikubaaqudgha [*.....]
Gold:   253        SH: 13    Dex: 15    Spells: 10/10 levels left

rFire    . . .     SeeInvis .   I - +0 broad axe
rCold    . . .     Gourm    .   s - +2 kite shield
rNeg     . . .     Faith    .   h - +0 scale mail
rPois    +         Spirit   .   (helmet restricted)
rElec    .         Reflect  .   c - +0 cloak
rCorr    +         Harm     .   r - +0 pair of gloves
MR       .....                  (no boots)
Stlth    +.........             E - amulet of the acrobat
HPRegen  0.26/turn              j - ring of resist corrosion
MPRegen  0.14/turn              (no ring)

@: lethally poisoned (-1 -> -25)
A: antennae 1, high mp 1, poison resistance, robust 1, evolution 1, MP-powered
wands
a: Receive Corpses, Renounce Religion


You were on level 1 of the Lair of Beasts.
You worshipped Kikubaaqudgha.
Kikubaaqudgha was aware of your devotion.
You were not hungry.

You visited 3 branches of the dungeon, and saw 10 of its levels.

You collected 373 gold pieces.
You spent 120 gold pieces at shops.

Inventory:

Hand Weapons
 z - a +0 flail of venom
 I - a +0 broad axe (weapon)
Missiles
 a - 7 datura-tipped darts
 b - 271 stones
 d - 42 poisoned darts (quivered)
 e - 2 curare-tipped darts
Armour
 c - a +0 cloak (worn)
 h - a +0 scale mail (worn)
 q - a +0 chain mail
 r - a +0 pair of gloves (worn)
 s - a +2 kite shield (worn)
 u - a +0 tower shield
 w - a +0 helmet
Jewellery
 j - a ring of resist corrosion (left hand)
 E - an amulet of the acrobat (around neck)
Wands
 i - a wand of clouds (3)
 l - a wand of polymorph (8)
 x - a wand of acid (3)
 H - a wand of flame (12)
Scrolls
 g - 4 scrolls of teleportation
 k - a scroll of enchant armour {unknown}
 m - 2 scrolls of magic mapping
 o - 2 scrolls of random uselessness {unknown}
 p - a scroll of blinking {unknown}
 t - a scroll of remove curse
 v - a scroll of fog
 y - a scroll of amnesia
 F - a scroll of identify
 G - a scroll of enchant weapon
Potions
 n - 2 potions of haste
 A - 3 potions of brilliance
 B - a potion of mutation
Miscellaneous
 C - a lightning rod (inert)
Comestibles
 f - 11 rations
 D - a chunk of flesh


   Skills:
 + Level 9.8 Fighting
   Level 2.0 Short Blades
 + Level 6.4 Axes
 - Level 2.0 Throwing
 - Level 1.0 Dodging
 - Level 4.0 Stealth
 * Level 9.8 Shields
 + Level 4.4 Evocations


You had 10 spell levels left.
You didn't know any spells.
Your spell library contained the following spells:

 Spells                   Type           Power        Failure   Level  Hunger
 Animate Skeleton         Necr           N/A          96%         1    ##.....
 Pain                     Necr           #...         96%         1    ##.....
 Sublimation of Blood     Necr           #.........   99%         2    ###....
 Vampiric Draining        Necr           #.........   100%        3    ####...


Dungeon Overview and Level Annotations

Branches:
Dungeon (8/15)             Temple (1/1) D:6            Lair (1/6) D:8

Altars:
Ashenzari
Cheibriados
Dithmenos
Elyvilon
Fedhas
Gozag
Hepliaklqana
Kikubaaqudgha
Makhleb
Nemelex Xobeh
Okawaru
Qazlal
Ru
Sif Muna
Trog
Uskayaw
Vehumet
Wu Jian
Yredelemnul
Zin

Shops:
D:8 (

Annotations:
D:7 1 runed translucent door, gas's ghost, novice MiFi


Innate Abilities, Weirdness & Mutations

You have a pair of small antennae on your head.
You have an increased reservoir of magic. (+10% MP)
Your system is resistant to poisons. (rPois)
You are robust. (+10% HP)
You evolve.
You expend magic power (3 MP) to strengthen your wands.


Message History

Evoke which item? (* to show all) (? for menu, Esc to quit)
Okay, then.
Really quaff the potion of mutation?
You feel extremely strange.
You feel agile.
You no longer feel cold resistant.
You feel nature experimenting on you.
Don't worry, failures die fast.
You feel more energetic.
You feel robust.
You feel your magical essence link to the dungeon's wands.
* * * LOW HITPOINT WARNING * * *
You feel sick. You block the spiny frog's attack. The spiny frog stings you.
* * * LOW HITPOINT WARNING * * *
You are more poisoned.
The spiny frog poisons you! You block the spiny frog's attack. x2
Okay, then.
You slash the spiny frog!
You kill the spiny frog!
Kikubaaqudgha accepts your kill.
You hit the spiny frog.
You die...
Kikubaaqudgha rasps: "You have failed me!
Welcome... death!"

...###....##.......#
........##........#
..................#
#.................#
.#.................#
...................#
#..................#
...............†F.#.#
..........##..##@## #
.........#########
..........###
............#
............###
..............##
...............##
.......÷........#
.....#..........##


You could see a spiny frog.

Vanquished Creatures
  Maggie (D:7)
  A black mamba (Lair:1)
  A spiny frog (Lair:1)
  A komodo dragon (Lair:1)
  A yak (D:8)
  A hungry ghost (D:7)
  2 sky beasts
  6 porcupines
  A black bear (D:6)
  An ice beast (D:6)
  A phantom (D:8)
  4 ogres
  6 wolves (Lair:1)
  5 centaurs
  4 crocodiles
  7 bullfrogs
  6 scorpions
  4 wights (D:7)
  3 howler monkeys
  3 crimson imps
  A bullfrog zombie (D:8)
  3 jellies
  2 orc priests
  3 hounds
  An iguana (D:6)
  2 orc wizards
  8 worker ants
  A hound skeleton (D:6)
  2 worker ant zombies
  Robin (D:4)
  A howler monkey skeleton (D:8)
  9 adders
  4 shadow imps
  An ooze (D:1)
  2 adder skeletons
  3 worms
  A dart slug (D:3)
  4 leopard geckos
  20 orcs
  2 ball pythons
  7 bats
  6 giant cockroaches
  5 goblins
  11 hobgoblins
  6 jackals
  7 kobolds
  2 quokkas
  5 frilled lizards
  A quokka skeleton (D:7)
  12 rats
  A fungus (D:8)
  A plant (D:8)
194 creatures vanquished.

Vanquished Creatures (others)
  30 fungi (D:8)
  5 plants (D:8)
35 creatures vanquished.

Grand Total: 229 creatures vanquished

Notes
Turn   | Place    | Note
-------+----------+-------------------------------------------
     0 | D:1      | grindst0ne the Human Assassin began the quest for the Orb.
     0 | D:1      | Reached XP level 1. HP: 16/16 MP: 1/1
   197 | D:1      | Reached XP level 2. HP: 23/23 MP: 2/2
   593 | D:1      | Reached XP level 3. HP: 29/29 MP: 3/3
  1214 | D:2      | Reached XP level 4. HP: 36/37 MP: 4/4
  2017 | D:3      | You fall into a shaft and drop 3 floors!
  2022 | D:5      | Entered Level 5 of the Dungeon
  2032 | D:5      | Reached skill level 5 in Fighting
  2032 | D:5      | Reached XP level 5. HP: 44/44 MP: 5/5
  2102 | D:5      | Noticed a centaur
  2103 | D:5      | Noticed an ogre
  2131 | D:5      | Killed a centaur
  2131 | D:5      | Reached XP level 6. HP: 23/52 MP: 6/6
  2145 | D:5      | HP: 2/52 [poisoned by an adder]
  2152 | D:5      | HP: 2/52 [poisoned by an adder]
  2517 | D:5      | Killed an ogre
  2876 | D:4      | Reached XP level 7. HP: 43/59 MP: 7/7
  2977 | D:4      | Reached skill level 1 in Shields
  3035 | D:4      | Found a radiant altar of Vehumet.
  3127 | D:4      | Noticed Robin
  3165 | D:4      | Killed Robin
  4702 | D:5      | Reached skill level 1 in Axes
  4702 | D:5      | Reached XP level 8. HP: 46/67 MP: 8/8
  5176 | D:6      | Found a basalt altar of Yredelemnul.
  5490 | D:6      | Found a sparkling altar of Nemelex Xobeh.
  5502 | D:6      | Reached skill level 5 in Shields
  5593 | D:6      | Found a white marble altar of Elyvilon.
  5910 | D:6      | Reached XP level 9. HP: 43/74 MP: 9/9
  6571 | D:6      | Found a staircase to the Ecumenical Temple.
  6581 | Temple   | Entered the Ecumenical Temple
  6726 | Temple   | Became a worshipper of Kikubaaqudgha
  7585 | D:7      | Gained mutation: You are clumsy. (Dex -2) [potion of
                  | mutation]
  7585 | D:7      | Gained mutation: Your flesh is cold resistant. (rC+)
                  | [potion of mutation]
  7585 | D:7      | Gained mutation: Your system is resistant to poisons.
                  | (rPois) [potion of mutation]
  7585 | D:7      | Gained mutation: You have a pair of small antennae on your
                  | head. [potion of mutation]
  7588 | D:7      | Noticed Maggie
  8009 | D:7      | Reached skill level 1 in Evocations
  8213 | D:7      | Killed Maggie
  8271 | D:7      | Reached XP level 10. HP: 82/82 MP: 11/11
  8303 | D:7      | Found a shadowy altar of Dithmenos.
  8342 | D:7      | Found a runed translucent door.
  8343 | D:7      | Noticed gas's ghost (novice MiFi)
  8388 | D:7      | Reached skill level 5 in Axes
  8750 | D:8      | Reached * piety under Kikubaaqudgha
  8750 | D:8      | Identified Kikubaaqudgha's Collected Works on Evil Rituals
                  | (Kikubaaqudgha gifted it to you on level 8 of the Dungeon)
  8750 | D:8      | Received a gift from Kikubaaqudgha
  8897 | D:8      | Found a hide-covered altar of Uskayaw.
  8898 | D:8      | Found a bloodstained altar of Trog.
  9004 | D:8      | Found a snail-covered altar of Cheibriados.
  9021 | D:8      | Found a shattered altar of Ashenzari.
  9023 | D:8      | Found Widejij's Antique Weapon Shop.
  9030 | D:8      | Bought a broad axe for 120 gold pieces
 10026 | D:8      | Found a staircase to the Lair.
 10479 | Lair:1   | Entered Level 1 of the Lair of Beasts
 10850 | Lair:1   | Noticed a black mamba
 10856 | Lair:1   | Killed a black mamba
 11041 | Lair:1   | Noticed a komodo dragon
 11047 | Lair:1   | Killed a komodo dragon
 11047 | Lair:1   | Reached XP level 11. HP: 84/90 MP: 14/14
 11111 | Lair:1   | Lost mutation: You are clumsy. (Dex -2) [potion of
                  | mutation]
 11111 | Lair:1   | Lost mutation: Your flesh is cold resistant. (rC+) [potion
                  | of mutation]
 11111 | Lair:1   | Gained mutation: You evolve. [potion of mutation]
 11111 | Lair:1   | Gained mutation: You have an increased reservoir of magic.
                  | (+10% MP) [potion of mutation]
 11111 | Lair:1   | Gained mutation: You are robust. (+10% HP) [potion of
                  | mutation]
 11111 | Lair:1   | Gained mutation: You expend magic power (3 MP) to
                  | strengthen your wands. [potion of mutation]
 11111 | Lair:1   | HP: 2/99 [spiny frog (4)]
 11112 | Lair:1   | Succumbed to a spiny frog's poison

Illustrated notes

Levels and vault maps discovered:
D:1:      minmay_arrival_wavy_path, layout_loops_cross
D:2:      layout_basic, serial_bayou_ford_a, grunt_ministairs_14
D:3:      layout_basic
D:4:      layout_rooms, kennysheep_mini, uniq_robin
D:5:      layout_loops_ring, first_ration, minmay_chambers_of_fives
D:6:      layout_gridville, nemelex_xobeh_ov_fountains_minmay,
          yredelemnul_altar_generic, elyvilon_altar_5,
          minmay_temple_entry_drinking_statues
D:7:      layout_basic, grunt_dithmenos_smoke, ebering_ghost_inner_flame,
          uniq_maggie
D:8:      layout_cave_pods, ashenzari_altar_1, cheibriados_altar_1,
          gammafunk_temple_overflow_statue, due_lair_maze_entry_diamond,
          serial_shops, shop
Temple:   nicolae_temple_figure_eight
Lair:1:   layout_hall_layers

Skill      XL: |  1  2  3  4  5  6  7  8  9 10 |
---------------+-------------------------------+-----
Fighting       | 3 4 5 6 7 8 9 |  9.8
Shields        | 3 5 7 9 |  9.8
Axes           | 1 3 4 6 |  6.4
Evocations     | 1 4 |  4.4
Short Blades   | |  2.0
Throwing       | |  2.0
Dodging        | |  1.0
Stealth        | |  4.0

Action                   |  1- 3 |  4- 6 |  7- 9 | 10-12 || total
-------------------------+-------+-------+-------+-------++-------
Melee: Dagger            |   113 |   130 |   158 |       ||   401
       War axe           |       |       |   344 |       ||   344
       Morningstar       |       |       |     5 |    49 ||    54
       Broad axe         |       |       |       |   116 ||   116
Throw: Dart              |     6 |     5 |       |     3 ||    14
Evoke: Wand              |       |     1 |     7 |     2 ||    10
       Lightning rod     |       |       |       |     4 ||     4
  Use: Potion            |       |     5 |     3 |     1 ||     9
       Scroll            |       |     1 |     8 |     3 ||    12
 Stab: Sleeping          |     6 |     5 |     4 |       ||    15
       Confused          |       |       |     2 |       ||     2
       Paralysed         |       |       |     5 |       ||     5
  Eat: Chunk             |     1 |     4 |    15 |     7 ||    27
       Ration            |       |       |     2 |     1 ||     3
Armor: Robe              |    18 |       |       |       ||    18
       Ring mail         |    38 |    45 |   182 |       ||   265
       Scale mail        |       |       |    25 |    48 ||    73
Dodge: Dodged            |    82 |    48 |   170 |    40 ||   340
Block: Kite shield       |       |     8 |   343 |   112 ||   463
